 Seeded DCSS version 0.30-a0-377-g5cb311bc9f (webtiles) character file.

Game seed: 12882034922843276435 (custom seed)

171 purpskrrrp the Shooter (level 5, -2/42 HPs)
             Began as a Minotaur Hunter on Nov 28, 2022.
             Slain by a wraith (3 damage)
             ... in an ossuary.
             The game lasted 00:05:06 (2320 turns).

purpskrrrp the Shooter (Minotaur Hunter)            Turns: 2320, Time: 00:05:06

Health: -2/42      AC:  4    Str: 16    XL:     5   Next: 26%
Magic:  4/4        EV: 12    Int:  6    God:
Gold:   176        SH:  0    Dex: 15    Spells: 4/4 levels left

rFire   . . .      SeeInvis .    a - +0 shortbow
rCold   . . .      Faith    .    (shield currently unavailable)
rNeg    . . .      Spirit   .    c - +1 leather armour
rPois   .          Reflect  .    (helmet restricted)
rElec   .          Harm     .    (no cloak)
rCorr   .          Rampage  .    (no gloves)
Will    .....                    (no boots)
Stlth   +.........               (no amulet)
HPRegen 0.27/turn                (no ring)
MPRegen 0.09/turn                (no ring)

@: attractive, slowed, studying Ranged Weapons, very slow
A: horns 2, retaliatory headbutt
a: no special abilities


You were in an ossuary.
You visited 1 branch of the dungeon, and saw 4 of its levels.
You also visited: Ossuary.

You collected 176 gold pieces.

Inventory:

Hand Weapons
 a - a +0 shortbow (weapon)
Armour
 c - a +1 leather armour (worn)
Jewellery
 i - a ring of flight
 l - a ring of poison resistance
Wands
 q - a wand of flame (4)
Scrolls
 e - a scroll of acquirement
 g - a scroll of blinking
 m - 2 scrolls of identify
 p - a scroll of enchant weapon {unknown}
 r - a scroll of vulnerability {unknown}
 t - a scroll of torment {unknown}
Potions
 n - 4 potions of brilliance
 s - a potion of magic {unknown}


   Skills:
 - Level 2.4 Fighting
 * Level 7.3 Ranged Weapons
 + Level 0.6 Armour
 + Level 2.3 Dodging
 - Level 0.7 Stealth


You had 4 spell levels left.
You didn't know any spells.
Your spell library contained the following spells:

 Spells                   Type           Power      Damage    Failure   Level
 Blink                    Tloc           0%         N/A       67%         2
 Momentum Strike          Conj/Tloc      0%         3d8       67%         2
 Lesser Beckoning         Tloc           0%         N/A       88%         3


Dungeon Overview and Level Annotations

Branches:
Dungeon (4/15)            Ossuary (1/1)
 Temple: D:4-7

Altars:
Dithmenos


Innate Abilities, Weirdness & Mutations

You have a pair of horns on your head.
You reflexively headbutt those who attack you in melee.


Message History

Aim: a wraith (heavily damaged, 63% to hit)
You shoot an arrow.
The arrow hits the wraith but does no damage.
The wraith is heavily damaged.
The wraith hits you but does no damage. The wraith completely misses you.
Fire: a) +0 shortbow
Press: ? - help, Q - select action, (/) - cycle Shift-Dir - straight line, f/p - wraith
Aim: a wraith (moderately damaged, 63% to hit)
You shoot an arrow. The arrow hits the wraith.
The wraith is heavily damaged.
The wraith hits you. The wraith barely misses you.
Fire: a) +0 shortbow
Press: ? - help, Q - select action, (/) - cycle Shift-Dir - straight line, f/p - wraith
Aim: a wraith (heavily damaged, 63% to hit)
You shoot an arrow. The arrow hits the wraith.
The wraith is heavily damaged.
The wraith hits you. The wraith drains your vigour!
You feel as though you will be slow longer.
The wraith hits you!
* * * LOW HITPOINT WARNING * * *
It was a potion of attraction.
You feel attractive to monsters. The wraith closely misses you.
You furiously retaliate!
You headbutt the wraith.
Fire: a) +0 shortbow
Press: ? - help, Q - select action, (/) - cycle Shift-Dir - straight line, f/p - wraith
Aim: a wraith (severely damaged, 63% to hit)
You shoot an arrow. The arrow barely misses the wraith.
The wraith hits you!
* * * LOW HITPOINT WARNING * * *
The wraith drains your vigour!
You feel as though you will be slow longer.
The wraith hits you but does no damage.
Fire: a) +0 shortbow
Press: ? - help, Q - select action, (/) - cycle Shift-Dir - straight line, f/p - wraith
Aim: a wraith (severely damaged, 63% to hit)
You shoot an arrow. The arrow hits the wraith.
The wraith is severely damaged.
The wraith hits you.
You die...

## ## ##..
..##
#...#####...#
...##...##..
##.!!?.##
+.?!W.!.#
##...@.##
...##...##...#
#...#####.. ##
##. ..# ##


You could see a wraith.

Vanquished Creatures
  A scorpion (D:4)
  A mummy (Ossuary)
  3 adders
  An ufetubus (D:4)
  A worm (D:3)
  2 dart slugs (D:4)
  An orc (D:3)
  4 ball pythons
  7 bats
  5 endoplasms
  5 hobgoblins
  3 jackals (D:2)
  4 kobolds
  2 quokkas
  5 frilled lizards
  A gnoll skeleton (Ossuary)
  4 goblins
  3 kobold skeletons (Ossuary)
  5 orc skeletons (Ossuary)
  6 rats
64 creatures vanquished.

Notes
Turn   | Place    | Note
-------+----------+-------------------------------------------
     0 | D:1      | purpskrrrp the Minotaur Hunter began the quest for the Orb.
     0 | D:1      | Reached XP level 1. HP: 18/18 MP: 0/0
   207 | D:1      | Reached XP level 2. HP: 25/25 MP: 1/1
   256 | D:1      | Reached skill level 5 in Ranged Weapons
  1076 | D:2      | Reached XP level 3. HP: 30/30 MP: 2/2
  1288 | D:3      | Found a faded altar of an unknown god.
  1339 | D:3      | Reached skill level 6 in Ranged Weapons
  1436 | D:3      | Reached XP level 4. HP: 37/37 MP: 3/3
  1468 | D:3      | Found a shadowy altar of Dithmenos.
  2150 | D:4      | Noticed a scorpion
  2166 | D:4      | Killed a scorpion
  2167 | D:4      | Reached skill level 7 in Ranged Weapons
  2167 | D:4      | Reached XP level 5. HP: 21/42 MP: 4/4
  2182 | D:4      | Identified 2 scrolls of acquirement
  2182 | D:4      | Acquired a manual of Ranged Weapons
  2270 | D:4      | Found a sand-covered staircase.
  2278 | Ossuary  | Entered an ossuary
  2278 | Ossuary  | Noticed a wraith
  2278 | Ossuary  | Noticed a wraith
  2278 | Ossuary  | Noticed a wraith
  2311 | Ossuary  | Noticed a wraith
  2319 | Ossuary  | HP: 1/42 [wraith (10)]
  2320 | Ossuary  | Slain by a wraith

Illustrated notes

Levels and vault maps discovered:
D:1:      eino_arrival_water_cross, layout_basic
D:2:      layout_basic, solitary_fountain
D:3:      layout_loops_ring, mainiacjoe_overflow_24_doors,
          basic_ecumenical_altar, minmay_misc_feat_rows,
          kennysheep_small_spiral, wander_ebering_terrifying_dragon_lair
D:4:      layout_loops_ring, led_sif_book, mainiacjoe_overflow_chevrons,
          nicolae_ossuary_entry_plus, serial_shops, nicolae_shop_waterfront,
          nicolae_hexahallways, uniq_menkaure
Ossuary:  ossuary_due_mausoleum

Skill      XL: |  1  2  3  4 |
---------------+-------------+-----
Ranged Weapons | 5 6 7 |  7.3
Fighting       | |  2.4
Armour         | |  0.6
Dodging        | |  2.3
Stealth        | |  0.7

Action                   |  1- 3 |  4- 6 || total
-------------------------+-------+-------++-------
 Fire: Shortbow          |    94 |    67 ||   161
  Use: Potion            |       |     4 ||     4
       Scroll            |       |     8 ||     8
Armor: Leather armour    |     7 |     7 ||    14
Dodge: Dodged            |    19 |    23 ||    42

Table legend: (Time is in decaauts)
 A = Elapsed time spent in this place.
 B = Non-inter-level travel time spent in this place.
 C = Inter-level travel time spent in this place.
 D = Time resting spent in this place.
 E = Time spent auto-exploring this place.
 F = Levels seen in this place.
 G = Mean time per level.
                   A        B        C        D        E       F      G
               +--------+--------+--------+--------+--------+-----+--------+
         Total |   2360 |   2189 |    171 |      3 |   1814 |   5 |  472.0 |
       Dungeon |   2311 |   2140 |    171 |      0 |   1810 |   4 |  577.8 |
       Ossuary |     48 |     48 |      0 |      3 |      4 |   1 |   48.0 |
               +--------+--------+--------+--------+--------+-----+--------+

Top non-repeatable levels by time:
     D:1: 1029 daAuts
     D:3: 867 daAuts
     D:2: 278 daAuts
     D:4: 137 daAuts
 Ossuary: 48 daAuts
